 Dungeon Crawl Stone Soup version 0.22-a0-422-g9628fc8 (webtiles) character file.

37 Goblin1989 the Chopper (level 3, 0/29 HPs)
             Began as a Demonspawn Chaos Knight on May 17, 2018.
             Was an Initiate of Trog.
             Slain by a sky beast (1 damage)
             ... on level 3 of the Dungeon.
             The game lasted 00:03:36 (361 turns).

Goblin1989 the Chopper (Demonspawn Chaos Knight)     Turns: 361, Time: 00:03:36

Health: 0/29       AC:  7    Str: 13    XL:     3   Next: 23%
Magic:  3/3        EV: 11    Int: 13    God:    Trog [......]
Gold:   47         SH:  0    Dex: 12    Spells: 2/2 levels left

rFire    . . .     SeeInvis .   a - +0 hand axe (chaos)
rCold    . . .     Gourm    .   (no shield)
rNeg     . . .     Faith    .   b - +2 leather armour
rPois    .         Spirit   .   (no helmet)
rElec    .         Reflect  .   (no cloak)
rCorr    .         Harm     .   (no gloves)
MR       .....                  (no boots)
Stlth    +.........             (no amulet)
HPRegen  0.09/turn              (no ring)
MPRegen  0.08/turn              (no ring)

@: no status effects
A: claws 1, icy blue scales 1
a: Renounce Religion


You were on level 3 of the Dungeon.
You worshipped Trog.
Trog was noncommittal.
You were not hungry.

You visited 1 branch of the dungeon, and saw 4 of its levels.

You collected 47 gold pieces.

Inventory:

Hand Weapons
 a - a +0 hand axe of chaos (weapon)
 l - a +4 quarterstaff
Missiles
 j - 4 javelins (quivered) {@Q2}
Armour
 b - a +2 leather armour (worn)
 h - a +0 buckler
Scrolls
 f - 2 scrolls of identify {unknown}
 k - a scroll of remove curse {unknown}
 m - a scroll of enchant armour {unknown}
 n - a scroll of enchant weapon {unknown}
Potions
 g - a potion of curing {unknown}
 i - 2 potions of might {unknown}
 o - a potion of flight {unknown}
Comestibles
 e - 3 rations


   Skills:
 - Level 3.0 Fighting
 - Level 4.0 Axes
 * Level 0.0 Staves
 - Level 1.7 Armour
 - Level 0.8 Dodging


You had 2 spell levels left.
You didn't know any spells.
Your spell library was empty.

Dungeon Overview and Level Annotations

Branches:
Dungeon (4/15)
 Temple: D:4-7

Altars:
Hepliaklqana
Trog


Innate Abilities, Weirdness & Mutations

You have sharp fingernails.
You are partially covered in icy blue scales. (AC +2)


Message History

The orc is heavily wounded.
The orc hits you with a club.
You take 1 damage, and have 23/24 hp.
You hit the orc.
The orc is almost dead.
The orc hits you but does no damage.
You hit the orc. You burn the orc.
You kill the orc!
Trog accepts your kill.
Things that are here:
a club; an orc corpse Health restored: 24 An adder comes into view.
The adder hisses angrily.
Xom asks Qazlal to spice things up a little.
The divine experience confuses you!
You are confused.
You see here a scroll labeled KUV OMNALOHETT.
f - 2 scrolls labeled KUV OMNALOHETT (gained 1)
You miss the adder. The adder misses you. The adder bites you.
You take 3 damage, and have 21/24 hp.
You barely miss the adder. The adder bites you.
You take 3 damage, and have 19/24 hp.
You're too confused to move!
The adder bites you. x2
You are poisoned.
The adder poisons you!
You take 2 damage, and have 17/24 hp.
You hit the adder.
The adder suddenly stops moving!
The adder is lightly wounded.
You feel sick.
You take 1 damage, and have 16/24 hp.
You feel less confused.
The adder is no longer paralysed.
The adder bites you but does no damage. x2
You hit the adder.
The adder is heavily wounded.
You feel sick. The adder misses you.
You take 1 damage, and have 15/24 hp.
You hit the adder. Lightning courses through the adder!
You kill the adder!
Trog accepts your kill.
Your Axes skill increases to level 4!
You have reached level 3!
Your experience leads to an increase in your attributes!
Increase (S)trength, (I)ntelligence, or (D)exterity?
You feel stronger.
Your demonic ancestry asserts itself...
Your fingernails lengthen.
You regained 3 hp, and now have 18/29 hp.
MP restored: 3 Unknown command.
You feel sick.
You take 1 damage, and have 17/29 hp.
You feel sick.
You take 1 damage, and have 17/29 hp.
n - a scroll labeled MAYCZA ZAPLOZ You feel sick.
Found a hazy altar of Hepliaklqana.
You take 1 damage, and have 16/29 hp.
You feel sick.
You are no longer poisoned.
Found a stone staircase leading down.
o - a ruby potion A leopard gecko skeleton comes into view.
You hit the leopard gecko skeleton.
Dim flames ripple over the leopard gecko skeleton's body.
The leopard gecko skeleton is moderately damaged.
The leopard gecko skeleton closely misses you.
The leopard gecko skeleton bites you but does no damage.
You hit the leopard gecko skeleton.
You destroy the leopard gecko skeleton!
Trog accepts your kill.
There is a stone staircase leading down here.
You climb downwards.
A sky beast comes into view.
There is a stone staircase leading up here.
The helpless sky beast fails to defend itself.
You hit the sky beast but do no damage.
The sky beast hits you but does no damage.
You closely miss the sky beast. The sky beast barely misses you.
You closely miss the sky beast. The sky beast barely misses you.
You closely miss the sky beast. The sky beast barely misses you.
You closely miss the sky beast. The sky beast hits you.
The sky beast shocks you.
* * * LOW HITPOINT WARNING * * *
The sky beast hits you but does no damage.
You take 8 damage, and have 10/29 hp.
MASSIVE DAMAGE!!
You hit the sky beast but do no damage.
The sky beast flickers out of sight!
Deactivating autopickup; reactivate with Ctrl-A.
Something hits you.
* * * LOW HITPOINT WARNING * * *
Something shocks you.
* * * LOW HITPOINT WARNING * * *
You take 9 damage, and have 1/29 hp.
MASSIVE DAMAGE!!
A sky beast appears from thin air!
Reactivating autopickup.
The sky beast completely misses you.
You climb upwards.
There is a stone staircase leading down here.
You barely miss the sky beast.
The sky beast hits you but does no damage.
You barely miss the sky beast. The sky beast closely misses you.
You miss the sky beast. The sky beast hits you.
You die...

.████.........██.█
.
......███████.██..
.████.....█ █.██.█
█.....█ █....█ █
██.██..█ █...███.█
█...█..████...█...█
...⌂......█ █....█
..█...███..███.Y█.█
█..██.██
█......@█.█ █. ...
█.███████.█ ... █.█
██ ██ ..█ ...█ ...█


████ You could see a sky beast.

Vanquished Creatures
  2 adders (D:3)
  A leopard gecko (D:2)
  An orc (D:3)
  A giant cockroach (D:1)
  A hobgoblin (D:3)
  3 jackals (D:1)
  A quokka (D:3)
  2 bats (D:2)
  3 kobolds
  A leopard gecko skeleton (D:3)
  A rat (D:3)
17 creatures vanquished.

Notes
Turn   | Place    | Note
-------+----------+-------------------------------------------
     0 | D:1      | Goblin1989 the Demonspawn Chaos Knight began the quest for the Orb.
     0 | D:1      | Reached XP level 1. HP: 18/18 MP: 1/1
    44 | D:1      | XOM: potion effect (agility)
    50 | D:1      | Reached skill level 3 in Axes
    98 | D:2      | Gained mutation: You are partially covered in icy blue scales. (AC +2) [demonic ancestry]
    98 | D:2      | Reached XP level 2. HP: 24/24 MP: 2/2
   137 | D:2      | XOM: divination: detect items
   172 | D:3      | Found a bloodstained altar of Trog.
   197 | D:3      | Fell from the grace of Xom
   197 | D:3      | Became a worshipper of Trog the Wrathful
   283 | D:4      | Noticed an orc warrior
   309 | D:3      | XOM: fog
   318 | D:3      | Reached skill level 4 in Axes
   318 | D:3      | Gained mutation: You have sharp fingernails. [demonic ancestry]
   318 | D:3      | Reached XP level 3. HP: 18/29 MP: 3/3
   328 | D:3      | Found a hazy altar of Hepliaklqana.
   350 | D:4      | Noticed a sky beast
   356 | D:4      | HP: 1/29 [something (6)]
   361 | D:3      | Slain by a sky beast

Vault maps used:
D:1:      sevenhm_arrival_forest_fort_small_5
D:2:      lemuel_doored_altar, uniq_crazy_yiuf_cottage
D:3:      old_standard_altar, nicolae_overflow_crystal_walls, bloody_trog
D:4:      grunt_dithmenos_smoke_and_mirrors, serial_forest,
          infiniplex_forest_lined_ring, infiniplex_forest_lined_corner,
          infiniplex_forest_straight_4, infiniplex_forest_clump_double,
          infiniplex_forest_end_2, infiniplex_forest_clump_double,
          infiniplex_forest_straight_1, infiniplex_forest_end_2,
          infiniplex_forest_clump_small, infiniplex_forest_straight_2,
          grunt_ministairs_4, grunt_qazlal_sundering

Skill      XL: |  1  2 |
---------------+-------+-----
Axes           | 3 4 |  4.0
Fighting       | |  3.0
Armour         | |  1.7
Dodging        | |  0.8

Action                   || total
-------------------------++-------
Melee: Hand axe          ||    64
 Stab: Sleeping          ||     1
Armor: Leather armour    ||    35
Dodge: Dodged            ||    64

Table legend:
 A = Spawn XP
 B = Non-spawn XP
 C = Spawn XP percentage of total XP
 D = Spawn monster count
 E = Non-spawn monster count
 F = Spawn count percentage of total count
 G = Total turns spent on level
                    A         B        C        D         E        F      G
               +---------+---------+-------+---------+---------+-------+---------
         Total |       0 |      54 |   0.0 |       0 |      17 |   0.0 |   361
               +---------+---------+-------+---------+---------+-------+---------
           D:1 |       0 |       9 |   0.0 |       0 |       5 |   0.0 |    81
           D:2 |       0 |       8 |   0.0 |       0 |       5 |   0.0 |   107
           D:3 |       0 |      37 |   0.0 |       0 |       7 |   0.0 |   155
               +---------+---------+-------+---------+---------+-------+---------

Vault maps used:
D:1:      sevenhm_arrival_forest_fort_small_5
D:2:      lemuel_doored_altar, uniq_crazy_yiuf_cottage
D:3:      old_standard_altar, nicolae_overflow_crystal_walls, bloody_trog
D:4:      grunt_dithmenos_smoke_and_mirrors, serial_forest,
          infiniplex_forest_lined_ring, infiniplex_forest_lined_corner,
          infiniplex_forest_straight_4, infiniplex_forest_clump_double,
          infiniplex_forest_end_2, infiniplex_forest_clump_double,
          infiniplex_forest_straight_1, infiniplex_forest_end_2,
          infiniplex_forest_clump_small, infiniplex_forest_straight_2,
          grunt_ministairs_4, grunt_qazlal_sundering
